 Dungeon Crawl Stone Soup version 0.29-b1-11-g2030932060 (webtiles) character file.

Game seed: 6697842371910467327

287 funkygono the Firebug (level 6, -1/33 HPs)
             Began as a Gargoyle Fire Elementalist on Aug 22, 2022.
             Slain by MrDud's ghost (5 damage)
             ... on level 3 of the Dungeon on Aug 23, 2022.
             The game lasted 00:08:20 (5845 turns).

funkygono the Firebug (Gargoyle Fire Elementalist)  Turns: 5845, Time: 00:08:21

Health: -1/33      AC: 12    Str: 12    XL:     6   Next: 30%
Magic:  2/11       EV: 11    Int: 17    God:
Gold:   224        SH:  0    Dex: 10    Spells: 2/12 levels left

rFire   . . .      SeeInvis .   o - +1 whip
rCold   . . .      Faith    .   (no shield)
rNeg    + . .      Spirit   .   p - +0 leather armour
rPois   ∞          Reflect  .   q - +1 helmet
rElec   +          Harm     .   (no cloak)
rCorr   .          Rampage  .   j - +2 pair of gloves
Will    .....                   (no boots)
Stlth   ++........              (no amulet)
HPRegen 0.11/turn               (no ring)
MPRegen 0.12/turn               (no ring)

@: no status effects
A: sickness immunity, AC +4, negative energy resistance 1, electricity
resistance, torment resistance 1, petrification resistance
a: no special abilities


You were on level 3 of the Dungeon.
You visited 1 branch of the dungeon, and saw 3 of its levels.
You also visited: Sewer.

You collected 224 gold pieces.

Inventory:

Hand Weapons
 o - a +1 whip (weapon)
 v - the +8 rapier of the Solstice {vorpal, rPois}
   (You found it on level 3 of the Dungeon)

   It inflicts extra damage upon your enemies.
   rPois:     It protects you from poison.
Armour
 a - a +0 robe
 c - a +0 ring mail
 j - a +2 pair of gloves (worn)
 p - a +0 leather armour (worn)
 q - a +1 helmet (worn)
Jewellery
 C - a +4 ring of evasion
Wands
 k - a wand of flame (1)
 y - a wand of iceblast (10)
Scrolls
 g - 2 scrolls of teleportation
Potions
 b - 3 potions of magic
 d - 3 potions of haste
 f - a potion of lignification {unknown}
 l - a potion of flight {unknown}
 s - a potion of invisibility {unknown}
 x - a potion of curing {unknown}
 z - 2 potions of brilliance


   Skills:
 + Level 0.6 Fighting
 + Level 1.0 Maces & Flails
 + Level 1.9 Armour
 + Level 2.3 Dodging
 + Level 2.7 Stealth
 + Level 3.6 Spellcasting
 + Level 2.2 Conjurations
 + Level 4.2 Fire Magic


You had 2 spell levels left.
You knew the following spells:

 Your Spells              Type           Power      Damage    Failure   Level
a - Foxfire               Conj/Fire      56%        2x1d6     5%          1
b - Scorch                Fire           34%        2d6       5%          2
c - Conjure Flame         Conj/Fire      14%        6-21      17%         3
d - Flame Wave            Conj/Fire      14%        2d6       50%         4

Your spell library contained the following spells:

 Spells                   Type           Power      Damage    Failure   Level
 Inner Flame              Hex/Fire       10%        N/A       26%         3
 Gell's Gravitas          Tloc           3%         N/A       54%         3
 Lesser Beckoning         Tloc           3%         N/A       54%         3
 Summon Guardian Golem    Hex/Summ       3%         N/A       54%         3
 Teleport Other           Tloc           3%         N/A       54%         3
 Anguish                  Hex/Necr       1%         N/A       91%         4
 Dispel Undead            Necr           3%         3d7       91%         4


Dungeon Overview and Level Annotations

Branches:
Dungeon (3/15)              Sewer (visited)

Altars:
Gozag

Annotations:
D:3 MrDud's ghost, amateur HOFi


Innate Abilities, Weirdness & Mutations

You are immune to sickness and miasma.
Your stone body is resilient. (AC +4)
You are immune to poison.
You resist negative energy. (rN+)
You are resistant to electric shocks. (rElec)
You are resistant to unholy torment.
You are immune to petrification.


Message History

MrDud's ghost hits you but does no damage.
You hit MrDud's ghost but do no damage.
MrDud's ghost is almost destroyed.
MrDud's ghost barely misses you.
You hit MrDud's ghost but do no damage.
MrDud's ghost is almost destroyed.
MrDud's ghost hits you but does no damage.
You hit MrDud's ghost but do no damage.
MrDud's ghost is almost destroyed.
MrDud's ghost hits you!
You barely miss MrDud's ghost.
MrDud's ghost is almost destroyed.
MrDud's ghost is no longer more vulnerable to fire.
MrDud's ghost hits you.
* * * LOW HITPOINT WARNING * * *
Casting: Scorch (safe; 5% risk of failure)
Confirm with . or Enter, or press ? or * to list all spells.
You conjure some foxfire!
MrDud's ghost barely misses you. MrDud's ghost attacks as you move away!
MrDud's ghost hits you.
* * * LOW HITPOINT WARNING * * *
The foxfire hits MrDud's ghost.
MrDud's ghost is almost destroyed.
The foxfire hits MrDud's ghost but does no damage.
MrDud's ghost is almost destroyed.
Casting: Foxfire (safe; 5% risk of failure)
Confirm with . or Enter, or press ? or * to list all spells.
You conjure some foxfire!
MrDud's ghost hits you but does no damage.
You barely miss MrDud's ghost.
MrDud's ghost is almost destroyed.
The foxfire hits MrDud's ghost.
MrDud's ghost is almost destroyed.
The foxfire hits MrDud's ghost.
MrDud's ghost is almost destroyed.
MrDud's ghost hits you.
* * * LOW HITPOINT WARNING * * *
Casting: Foxfire (safe; 5% risk of failure)
Confirm with . or Enter, or press ? or * to list all spells.
You conjure some foxfire!
MrDud's ghost hits you.
You die...

..##'###............# ####......
#......####.........#######.#>...
#......#..+...#####.........#.##.
#......#.##...#♣8♣###########.##.
#.............#.!.#..............
####.###.#######'##.###.#####.#..
#.# #.#........#.# #.# #.#.. #.#
#.###.##vW.#.# #.#####.#.. #.#
#.# #.##.@##.# #.......... #.#
#.# #.##.§v..# #######.#.. #.#
#.# #.############# #.#.. #.# #.#
#.............# #.... #.# #.#
#############.# ###.# #.# #.# #.#
#.# #.# #.########### #.# #.# #.#
#.........).# #.# #.# #.#
###########.# #.# #.#


You could see MrDud's ghost (ally target).

Vanquished Creatures
  Jessica (D:2)
  Natasha (thrice) (D:2)
  A hell rat (Sewer)
  3 river rats
  3 adders
  A white imp (D:3)
  3 worms
  An orc (D:3)
  9 ball pythons
  8 endoplasms
  9 giant cockroaches
  7 hobgoblins
  7 jackals (D:2)
  3 quokkas (D:3)
  5 bats
  3 frilled lizards
  7 goblins
  8 kobolds
  10 rats
92 creatures vanquished.

Vanquished Creatures (others)
  218 foxfires
218 creatures vanquished.

Grand Total: 310 creatures vanquished

Notes
Turn   | Place    | Note
-------+----------+-------------------------------------------
     0 | D:1      | funkygono the Gargoyle Fire Elementalist began the quest
                  | for the Orb.
     0 | D:1      | Reached XP level 1. HP: 10/10 MP: 3/3
   288 | D:1      | Reached XP level 2. HP: 14/15 MP: 0/5
   346 | D:1      | Learned a level 2 spell: Scorch
  1117 | D:1      | Reached XP level 3. HP: 19/19 MP: 2/6
  1359 | D:1      | Found a faded altar of an unknown god.
  1683 | D:2      | Noticed Jessica
  2259 | D:2      | Killed Jessica
  2260 | D:2      | Reached XP level 4. HP: 24/24 MP: 2/8
  2297 | D:2      | Noticed Natasha
  2317 | D:2      | Killed Natasha
  2318 | D:2      | Reached skill level 1 in Armour
  2774 | D:2      | Noticed Natasha
  2845 | D:2      | Killed Natasha
  2846 | D:2      | Reached XP level 5. HP: 26/28 MP: 3/9
  2860 | D:2      | Upgraded the game from 0.29-b1-5-gddc7ae1da1 to
                  | 0.29-b1-11-g2030932060
  3701 | D:2      | Noticed Natasha
  3705 | D:2      | Killed Natasha
  3706 | D:2      | Reached skill level 4 in Fire Magic
  3789 | D:2      | Learned a level 3 spell: Conjure Flame
  3794 | D:2      | Learned a level 4 spell: Flame Wave
  3912 | D:3      | Got the Exposition on Ensorcelling and Blasphemous Rites
  4087 | D:3      | Found a glowing drain.
  4091 | Sewer    | Entered a sewer
  4192 | Sewer    | Reached XP level 6. HP: 33/33 MP: 7/11
  4456 | D:3      | Identified the +8 rapier of the Solstice {vorpal, rPois}
  5117 | D:3      | Found an opulent altar of Gozag.
  5459 | D:3      | Reached skill level 1 in Maces & Flails
  5736 | D:3      | Found a runed translucent door.
  5736 | D:3      | Noticed MrDud's ghost (amateur HOFi)
  5845 | D:3      | Slain by MrDud's ghost

Illustrated notes

Levels and vault maps discovered:
D:1:      dpeg_arrival_lava_temple_mockup, layout_basic,
          ebering_ecumenical_altar_abandoned
D:2:      layout_loops_ring, minmay_misc_feat_cross, minivault_23, uniq_jessica,
          uniq_natasha
D:3:      layout_basic, mainiacjoe_overflow_concentric_impassable,
          gup_sewer_entry_spiral, gammafunk_ghost_grave, nrook_loot_triangle

Skill      XL: |  1  2  3  4  5  6 |
---------------+-------------------+-----
Armour         | 1 |  1.9
Dodging        | 2 |  2.3
Spellcasting   | 3 |  3.6
Conjurations   | 2 |  2.2
Fire Magic     | 4 |  4.2
Maces & Flails | 1 |  1.0
Fighting       | |  0.6
Stealth        | |  2.7

Action                   |  1- 3 |  4- 6 || total
-------------------------+-------+-------++-------
Melee: Short sword       |     7 |       ||     7
       Club              |    20 |    44 ||    64
       Whip              |       |    41 ||    41
 Cast: Foxfire           |    39 |    90 ||   129
       Scorch            |     6 |    17 ||    23
  Use: Scroll            |       |    12 ||    12
Armor: Ring mail         |    37 |    36 ||    73
       Leather armour    |       |    18 ||    18
Dodge: Dodged            |    33 |    62 ||    95
